 Dungeon Crawl Stone Soup version 0.28.0-53-g5a82cb258f (webtiles) character file.

Game seed: 4904013385318265149

343 jjjjhere the Skirmisher (level 6, -3/68 HPs)
             Began as an Ogre Arcane Marksman on Nov 12, 2022.
             Slain by a phantom (9 damage)
             ... on level 3 of the Dungeon.
             The game lasted 00:05:07 (3798 turns).

jjjjhere the Skirmisher (Ogre Arcane Marksman)      Turns: 3798, Time: 00:05:08

Health: -3/68      AC:  3    Str: 17    XL:     6   Next: 57%
Magic:  7/7        EV:  9    Int: 14    God:
Gold:   59         SH:  0    Dex:  9    Spells: 6/7 levels left

rFire   . . .      SeeInvis .   c - +2 dire flail (holy)
rCold   . . .      Faith    .   (shield currently unavailable)
rNeg    . . .      Spirit   .   a - +0 robe
rPois   +          Reflect  .   (helmet restricted)
rElec   .          Harm     .   (no cloak)
rCorr   .          Rampage  .   (gloves unavailable)
Will    +....                   (boots unavailable)
Stlth   +.........              (no amulet)
HPRegen 0.21/turn               k - ring of willpower
MPRegen 0.10/turn               n - ring of poison resistance

@: no status effects
A: large, unfitting armour, tough skin 1
a: no special abilities


You were on level 3 of the Dungeon.
You visited 1 branch of the dungeon, and saw 4 of its levels.

You collected 89 gold pieces.
You spent 30 gold pieces at shops.

Inventory:

Hand Weapons
 c - a +2 dire flail of holy wrath (weapon)
 j - a +0 flail of draining
Missiles
 f - 4 large rocks (quivered)
 l - 4 poisoned darts
Armour
 a - a +0 robe (worn)
Jewellery
 k - a ring of willpower (left hand)
 n - a ring of poison resistance (right hand)
Scrolls
 d - 2 scrolls of identify {unknown}
 e - a scroll of enchant armour {unknown}
 i - 2 scrolls of teleportation {unknown}
 m - a scroll of silence {unknown}
Potions
 g - 2 potions of flight {unknown}
 h - 2 potions of curing
 o - 2 potions of berserk rage {unknown}


   Skills:
 + Level 6.4 Fighting
 + Level 3.6 Maces & Flails
 - Level 2.0 Throwing
 - Level 1.7 Dodging
 - Level 1.2 Spellcasting
 - Level 2.6 Hexes


You had 6 spell levels left.
You knew the following spells:

 Your Spells              Type           Power      Damage    Failure   Level
a - Slow                  Hex            32%        N/A       9%          1

Your spell library contained the following spells:

 Spells                   Type           Power      Damage    Failure   Level
 Inner Flame              Hex/Fire       4%         N/A       41%         3
 Portal Projectile        Hex/Tloc       8%         N/A       41%         3
 Ignite Poison            Fire/Tmut/Pois 0%         N/A       61%         3
 Mephitic Cloud           Conj/Pois/Air  0%         N/A       61%         3
 Cause Fear               Hex            4%         N/A       65%         4
 Freezing Cloud           Conj/Ice/Air   0%         6-21      100%        5


Dungeon Overview and Level Annotations

Branches:
Dungeon (4/15)
 Temple: D:4-7

Altars:
Kikubaaqudgha

Shops:
D:2 !(=


Innate Abilities, Weirdness & Mutations

You are too large for most types of armour.
You have tough skin. (AC +1)


Message History

You completely miss the phantom.
The phantom is heavily damaged.
You feel sick. The phantom hits you.
The phantom blinks!
You blink.
You miss the phantom.
The phantom is heavily damaged.
You feel sick. The phantom misses you.
You closely miss the phantom.
The phantom is heavily damaged.
You feel sick. The phantom hits you.
The phantom blinks!
You blink.
You feel sick.
You barely miss the phantom.
The phantom is heavily damaged.
You feel sick.
You are no longer poisoned.
The phantom barely misses you.
You barely miss the phantom.
The phantom is heavily damaged.
The phantom hits you.
You closely miss the phantom.
The phantom is heavily damaged.
The phantom hits you. The scorpion stings you.
* * * LOW HITPOINT WARNING * * *
The phantom hits you.
* * * LOW HITPOINT WARNING * * *
You sock the scorpion!
You kill the scorpion!
You barely miss the phantom.
The phantom is heavily damaged.
The phantom hits you.
* * * LOW HITPOINT WARNING * * *
You closely miss the phantom.
The phantom is heavily damaged.
The phantom hits you.
* * * LOW HITPOINT WARNING * * *
You barely miss the phantom.
The phantom is heavily damaged.
The phantom hits you!
You die...

####..........#.#...#.#..#.######
...#.####.#.....#...#.#..#.'.....
##...# #.##........#.#..#.#...<.
#.#.####.#.........#.#..#.#...<.
#.#....#.#.##.##...#.#..#.######
#.####.#.#......#..#.#..#[......
#.####.#...........#.'..#.......
#.##..........###..#.#..#.......
#.##.#.#.#.....@W..#.#..####'###
#.#....#.##..####..#.#..........
#............# #..#.###########
#.###........####..#............
#.# ##.#.......##..#............
### #.#.......##..#............
#.........##..#######'#####
####.......##.........[.....
#..........##........>....[.


You could see a phantom.

Vanquished Creatures
  Edmund (D:3)
  A scorpion (D:3)
  A bullfrog skeleton (D:4)
  5 adders
  3 gnolls (D:2)
  3 dart slugs
  5 orcs
  3 ball pythons
  3 endoplasms
  5 giant cockroaches
  11 hobgoblins
  6 kobolds
  3 quokkas (D:3)
  9 bats
  3 frilled lizards
  6 rats
68 creatures vanquished.

Notes
Turn   | Place    | Note
-------+----------+-------------------------------------------
     0 | D:1      | jjjjhere the Ogre Arcane Marksman began the quest for the
                  | Orb.
     0 | D:1      | Reached XP level 1. HP: 19/19 MP: 2/2
    80 | D:1      | Reached skill level 2 in Fighting
   203 | D:1      | Reached XP level 2. HP: 17/29 MP: 3/3
   335 | D:1      | Reached skill level 3 in Fighting
   876 | D:1      | Reached XP level 3. HP: 35/37 MP: 4/4
  1300 | D:1      | Reached skill level 1 in Maces & Flails
  1494 | D:2      | Found an ancient bone altar of Kikubaaqudgha.
  1495 | D:2      | Found Uraxtapod's Distillery.
  1501 | D:2      | Bought a potion of curing for 30 gold pieces
  1530 | D:2      | Found Learelee's Antique Weapon Boutique.
  1551 | D:1      | HP: 12/39 [adder (1)]
  1553 | D:1      | Reached skill level 4 in Fighting
  1553 | D:1      | HP: 5/39 [poisoned by an adder]
  1557 | D:1      | HP: 2/39 [poisoned by an adder]
  1944 | D:2      | Found Wogomeem's Jewellery Shop.
  1995 | D:2      | Reached XP level 4. HP: 48/48 MP: 5/5
  2140 | D:2      | You fall into a shaft and drop 1 floor!
  2473 | D:3      | Reached XP level 5. HP: 52/55 MP: 6/6
  2499 | D:3      | Reached skill level 5 in Fighting
  3439 | D:4      | Noticed Edmund
  3511 | D:3      | Killed Edmund
  3512 | D:3      | Reached skill level 6 in Fighting
  3512 | D:3      | Reached XP level 6. HP: 46/67 MP: 7/7
  3792 | D:3      | HP: 21/67 [phantom (6)]
  3796 | D:3      | HP: 8/68 [phantom (4)]
  3798 | D:3      | Slain by a phantom

Illustrated notes

Levels and vault maps discovered:
D:1:      dpeg_arrival_houses_and_road, layout_loops_cross, minmay_crystal_water
D:2:      layout_rooms, basic_altar, serial_shops,
          nicolae_shop_advertising_works [nicolae_subvault_shop_adworks],
          nicolae_shop_crystal, shop
D:3:      layout_basic
D:4:      layout_cave_pools, uniq_edmund

Skill      XL: |  1  2  3  4  5 |
---------------+----------------+-----
Fighting       | 2 3 4 6 |  6.4
Maces & Flails | 1 2 3 |  3.6
Throwing       | |  2.0
Dodging        | |  1.7
Spellcasting   | |  1.2
Hexes          | |  2.6

Action                   |  1- 3 |  4- 6 || total
-------------------------+-------+-------++-------
Melee: Unarmed           |    11 |       ||    11
       Whip              |    91 |     8 ||    99
       Punch             |     2 |       ||     2
       Flail             |       |    67 ||    67
       Dire flail        |       |    19 ||    19
Throw: Large rock        |    17 |    10 ||    27
       Throwing net      |       |     2 ||     2
 Stab: Held in net/web   |       |     1 ||     1
Armor: Robe              |    35 |    31 ||    66
Dodge: Dodged            |    74 |    63 ||   137
